 Dungeon Crawl Stone Soup version 0.28-a0-683-ga8797d1ae1 (webtiles) character file.

Game seed: 2691713216736820896

61 voltaire321 the Charlatan (level 3, -1/27 HPs)
             Began as a Demonspawn Artificer on Oct 18, 2021.
             Slain by a gnoll (4 damage)
             ... on level 1 of the Dungeon on Oct 19, 2021.
             The game lasted 00:04:32 (2211 turns).

voltaire321 the Charlatan (Demonspawn Artificer)    Turns: 2211, Time: 00:04:32

Health: -1/27      AC:  6    Str: 12    XL:     3   Next: 83%
Magic:  3/3        EV: 11    Int: 14    God:
Gold:   66         SH:  4    Dex: 14    Spells: 2/2 levels left

rFire   . . .      SeeInvis .   k - +2 dagger (vamp)
rCold   . . .      Faith    .   (no shield)
rNeg    . . .      Spirit   .   b - +0 leather armour
rPois   .          Reflect  .   (no helmet)
rElec   .          Harm     .   (no cloak)
rCorr   .          Rampage  .   (no gloves)
Will    .....                   f - +2 pair of boots {Stlth+}
Stlth   ++........              (no amulet)
HPRegen 0.09/turn               (no ring)
MPRegen 0.08/turn               (no ring)

@: lethally poisoned (-1 -> -13)
A: big brain 1, condensation shield
a: no special abilities


You were on level 1 of the Dungeon.
You visited 1 branch of the dungeon, and saw 2 of its levels.

You collected 66 gold pieces.

Inventory:

Hand Weapons
 k - a +2 vampiric dagger (weapon)
Armour
 b - a +0 leather armour (worn)
 f - a +2 pair of boots of stealth (worn)
Wands
 c - a wand of flame (15) (quivered)
 d - a wand of charming (15)
Scrolls
 i - a scroll of blinking {unknown}
 j - a scroll of magic mapping {unknown}
Potions
 g - a potion of ambrosia {unknown}
Miscellaneous
 e - a piece from Xom's chessboard (15/15)


   Skills:
 + Level 2.0 Fighting
 + Level 2.4 Armour
 + Level 1.7 Dodging
 - Level 0.8 Stealth
 + Level 3.5 Evocations


You had 2 spell levels left.
You didn't know any spells.
Your spell library was empty.

Dungeon Overview and Level Annotations

Branches:
Dungeon (2/15)

Altars:


Innate Abilities, Weirdness & Mutations

You have an unusually large brain. (Int +2)
A meltable shield of frost defends you. (SH +4)


Message History

The gnoll is almost dead.
The gnoll barely misses you.
You barely miss the gnoll.
The gnoll is almost dead.
The gnoll closely misses you.
You hit the gnoll.
You kill the gnoll!
Your Fighting skill increases to level 2!
You see here a +0 spear.
There is a stone staircase leading down here.
You climb downwards.
The gnoll misses you.
The gnoll hits you with a +1 whip of venom.
The gnoll hits you from afar with a +0 spear.
There is a stone staircase leading up here.
The gnoll barely misses you. You block the gnoll's attack.
You climb upwards.
There is a stone staircase leading down here.
You hit the gnoll.
The gnoll is lightly wounded.
The gnoll barely misses you.
You hit the gnoll.
The gnoll is lightly wounded.
The gnoll hits you with a +1 whip of venom!
You are lethally poisoned!
You closely miss the gnoll.
The gnoll is lightly wounded.
You feel very sick. The gnoll hits you but does no damage.
You are more poisoned.
You closely miss the gnoll.
The gnoll is lightly wounded.
* * * LOW HITPOINT WARNING * * *
You feel very sick. The gnoll hits you but does no damage.
You barely miss the gnoll.
The gnoll is lightly wounded.
* * * LOW HITPOINT WARNING * * *
You feel very sick.
The gnoll hits you with a +1 whip of venom.
You die...

#..## #####...# #.......##
#........# ###########
#........# #....)....#
#.........
#.........####.........
#####......................
#........)@................
#.###.....g)..######.......
#.# #(........# #......#
#.# #####.....# #.#....#
#.# #......# ###...## #.#
#...#.#########...# #.#
#...#........#...##
#.######...#.......##...#
#..........#.......#....#


You could see a gnoll.

Vanquished Creatures
  2 gnolls (D:1)
  3 dart slugs (D:1)
  2 bats (D:1)
  3 endoplasms (D:1)
  A giant cockroach (D:1)
  3 goblins (D:1)
  3 hobgoblins (D:1)
  5 kobolds (D:1)
  3 quokkas (D:1)
  3 ball pythons
  4 frilled lizards (D:1)
  4 rats (D:1)
36 creatures vanquished.

Notes
Turn   | Place    | Note
-------+----------+-------------------------------------------
     0 | D:1      | voltaire321 the Demonspawn Artificer began the quest for
                  | the Orb.
     0 | D:1      | Reached XP level 1. HP: 15/15 MP: 1/1
    19 | D:1      | Reached skill level 1 in Dodging
   364 | D:1      | Gained mutation: A meltable shield of frost defends you.
                  | (SH +4) [demonic ancestry]
   364 | D:1      | Reached XP level 2. HP: 21/21 MP: 2/2
  1133 | D:1      | Gained mutation: You have an unusually large brain. (Int
                  | +2) [demonic ancestry]
  1133 | D:1      | Reached XP level 3. HP: 26/27 MP: 3/3
  1379 | D:1      | Found a faded altar of an unknown god.
  2211 | D:1      | Slain by a gnoll

Illustrated notes

Levels and vault maps discovered:
D:1:      lightli_arrival_boilingwater, layout_basic,
          hellmonk_ecumenical_altar_zigzags
D:2:      minmay_razor_zed, layout_basic, serial_shops, shop, serial_forest,
          infiniplex_forest_clump_cross, infiniplex_forest_lined_ring,
          infiniplex_forest_straight_2, infiniplex_forest_straight_4,
          infiniplex_forest_side_room, kennysheep_minor_cross,
          columned_hall_lemuel, minmay_randomly_rotated_circles, uniq_jessica

Skill      XL: |  1  2  3 |
---------------+----------+-----
Dodging        | 1 |  1.7
Armour         | 2 |  2.4
Fighting       | 2 |  2.0
Stealth        | |  0.8
Evocations     | |  3.5

Action                   || total
-------------------------++-------
Melee: Club              ||    54
       Short sword       ||    65
       Dagger            ||    27
 Stab: Sleeping          ||     8
Armor: Leather armour    ||    59
Dodge: Dodged            ||   111
Block: Other             ||    21

Table legend: (Time is in decaauts)
 A = Elapsed time spent in this place.
 B = Non-inter-level travel time spent in this place.
 C = Inter-level travel time spent in this place.
 D = Time resting spent in this place.
 E = Time spent auto-exploring this place.
 F = Levels seen in this place.
 G = Mean time per level.
                   A        B        C        D        E       F      G
               +--------+--------+--------+--------+--------+-----+--------+
         Total |   2238 |   2219 |     19 |    932 |    851 |   2 | 1119.0 |
       Dungeon |   2238 |   2219 |     19 |    932 |    851 |   2 | 1119.0 |
               +--------+--------+--------+--------+--------+-----+--------+

Top non-repeatable levels by time:
     D:1: 2196 daAuts
     D:2: 41 daAuts
